 Dungeon Crawl Stone Soup version 0.27-a0-652-g2d5cf1dcd3 (webtiles) character file.

Game seed: 13336417886453506326

268 Execuda the Skirmisher (level 6, -4/56 HPs)
             Began as a Minotaur Air Elementalist on Mar 16, 2021.
             Was an Initiate of Trog.
             Killed from afar by Natasha (5 damage)
             ... with a puff of flame
             ... on level 3 of the Dungeon.
             The game lasted 00:03:11 (3352 turns).

Execuda the Skirmisher (Minotaur Air Elementalist)  Turns: 3352, Time: 00:03:12

Health: -4/56      AC:  7    Str: 14    XL:     6   Next: 1%
Magic:  7/7        EV:  9    Int: 12    God:    Trog [......]
Gold:   190        SH:  5    Dex: 11    Spells: 6/7 levels left

rFire    . . .     SeeInvis .   r - +0 hand axe
rCold    . . .     Faith    .   (no shield)
rNeg     . . .     Spirit   .   q - +0 scale mail
rPois    .         Reflect  +   (helmet restricted)
rElec    .         Harm     .   c - +0 cloak
rCorr    .         Rampage  .   (no gloves)
Will     .....                  (no boots)
Stlth    ..........             p - amulet of reflection
HPRegen  0.18/turn              (no ring)
MPRegen  0.10/turn              (no ring)

@: no status effects
A: horns 2, retaliatory headbutt
a: Renounce Religion


You were on level 3 of the Dungeon.
You worshipped Trog.
Trog was noncommittal.
You visited 1 branch of the dungeon, and saw 3 of its levels.

You collected 190 gold pieces.

Inventory:

Hand Weapons
 r - a +0 hand axe (weapon)
Armour
 c - a +0 cloak (worn)
 q - a +0 scale mail (worn)
Jewellery
 p - an amulet of reflection (around neck)
Scrolls
 d - a scroll of enchant armour {unknown}
 g - 4 scrolls of teleportation
 k - a scroll of magic mapping {unknown}
 m - 3 scrolls of identify {unknown}
 o - a scroll of immolation {unknown}
Potions
 a - 2 potions of curing
 b - 4 potions of resistance {unknown}
 e - a potion of haste {unknown}
 f - 2 potions of flight {unknown}
 h - 2 potions of heal wounds {unknown}
 i - a potion of degeneration {unknown}
 l - a potion of ambrosia {unknown}
 n - 3 potions of brilliance {unknown}


   Skills:
 + Level 5.1 Fighting
 - Level 2.1 Dodging
 - Level 1.5 Stealth
 * Level 4.2 Unarmed Combat
 - Level 1.3 Spellcasting
 - Level 0.6 Conjurations
 - Level 2.1 Air Magic


You had 6 spell levels left.
You knew the following spells:

 Your Spells              Type           Power      Damage    Failure   Level
a - Shock                 Conj/Air       16%        1d4       58%         1

Your spell library contained the following spells:

 Spells                   Type           Power      Damage    Failure   Level
 Swiftness                Air            6%         N/A       63%         2
 Static Discharge         Conj/Air       4%         N/A       92%         3
 Airstrike                Air            3%         N/A       99%         4
 Lightning Bolt           Conj/Air       2%         1d13      100%        5


Dungeon Overview and Level Annotations

Branches:
Dungeon (3/15)

Altars:
Trog
The Shining One

Annotations:
D:3 Natasha


Innate Abilities, Weirdness & Mutations

You have a pair of horns on your head.
You reflexively headbutt those who attack you in melee.


Message History

Natasha is almost dead.
You hit the giant cockroach but do no damage.
You hit the crimson imp. The giant cockroach barely misses you.
The crimson imp hits you. Natasha claws you but does no damage.
The giant cockroach barely misses you. You furiously retaliate!
You headbutt the giant cockroach!
You kill the giant cockroach!
Trog accepts your kill. The crimson imp barely misses you.
You furiously retaliate!
You headbutt the crimson imp. You closely miss Natasha.
Natasha is almost dead.
You closely miss the crimson imp. Natasha claws you!
* * * LOW HITPOINT WARNING * * *
The crimson imp hits you.
* * * LOW HITPOINT WARNING * * *
Natasha claws you.
* * * LOW HITPOINT WARNING * * *
You hit Natasha but do no damage.
Natasha is almost dead.
You miss the crimson imp. You block the crimson imp's attack.
You block Natasha's attack.
You hit Natasha.
You kill Natasha!
Trog accepts your kill.
Trog appreciates your killing of a magic user.
Natasha yowls pathetically as she dies!
The crimson imp disappears in a puff of smoke!
You have reached level 6!
Your experience leads to an increase in your attributes!
Increase (S)trength, (I)ntelligence, or (D)exterity?
You feel stronger.
Natasha, Servant of Life and Death comes into view.
She is carrying a wand of flame (12).
Natasha hisses angrily.
Natasha zaps a wand.
The puff of flame hits you!
* * * LOW HITPOINT WARNING * * *
Natasha zaps a wand.
The puff of flame misses you.
There is an open door here.
Natasha zaps a wand.
The puff of flame hits you.
You die...

##.#####.........# #..
.................# ##.
##.#####.#####+#.# #.
.#####.#####.#.# #.
..........†.....# ..
######+####...........
.. ........#
#...h....... ..
........###...........
........'@............
........##............
........##......).....
....<.††.#.#+#####'###
.........#.# .#
....!.......
.........#.#
.........#.#
.........# #


You could see Natasha.

Vanquished Creatures
  A bullfrog (D:2)
  Jessica (D:2)
  A worker ant (D:2)
  Natasha (D:3)
  3 adders
  2 worms (D:2)
  4 dart slugs
  3 leopard geckos
  4 orcs (D:3)
  5 giant cockroaches
  11 goblins
  5 hobgoblins
  9 jackals
  8 kobolds
  A quokka (D:2)
  2 ball pythons (D:2)
  8 bats
  5 frilled lizards
  8 rats
82 creatures vanquished.

Notes
Turn   | Place    | Note
-------+----------+-------------------------------------------
     0 | D:1      | Execuda the Minotaur Air Elementalist began the quest for
                  | the Orb.
     0 | D:1      | Reached XP level 1. HP: 14/14 MP: 1/1
    98 | D:1      | Reached skill level 1 in Fighting
   289 | D:1      | Reached skill level 2 in Fighting
   340 | D:1      | Reached XP level 2. HP: 24/24 MP: 3/3
   611 | D:1      | Reached skill level 3 in Fighting
   908 | D:1      | Reached XP level 3. HP: 30/31 MP: 4/4
  1610 | D:2      | Noticed a bullfrog
  1629 | D:2      | Killed a bullfrog
  1630 | D:2      | Reached skill level 4 in Fighting
  1630 | D:2      | Reached XP level 4. HP: 22/41 MP: 5/5
  1777 | D:2      | Noticed Jessica
  1785 | D:2      | Killed Jessica
  1819 | D:2      | Found a glowing golden altar of the Shining One.
  1839 | D:2      | Reached XP level 5. HP: 47/47 MP: 6/6
  3127 | D:3      | Reached skill level 5 in Fighting
  3244 | D:3      | Found a bloodstained altar of Trog.
  3257 | D:3      | Became a worshipper of Trog the Wrathful
  3333 | D:3      | Noticed Natasha
  3349 | D:3      | Killed Natasha
  3350 | D:3      | Reached XP level 6. HP: 8/56 MP: 7/7
  3350 | D:3      | Noticed Natasha
  3350 | D:3      | HP: 1/56 [Natasha/puff of flame (7)]
  3352 | D:3      | Killed from afar by Natasha

Illustrated notes

Levels and vault maps discovered:
D:1:      lightli_arrival_maybe_door_vault, layout_loops_cross
D:2:      minmay_diamond_boxcup, layout_rooms, tso_metal_star, uniq_jessica
D:3:      layout_basic, kennysheep_ying_yang, trog_butcher_becter, uniq_natasha

Skill      XL: |  1  2  3  4  5 |
---------------+----------------+-----
Fighting       | 2 3 4 5 |  5.1
Unarmed Combat | 2 4 |  4.2
Dodging        | |  2.1
Stealth        | |  1.5
Spellcasting   | |  1.3
Conjurations   | |  0.6
Air Magic      | |  2.1

Action                   |  1- 3 |  4- 6 || total
-------------------------+-------+-------++-------
Melee: Club              |    79 |       ||    79
       Unarmed           |    11 |       ||    11
       Headbutt          |     9 |    24 ||    33
       Hand axe          |    11 |   131 ||   142
       Punch             |       |     1 ||     1
 Cast: Shock             |     8 |       ||     8
  Use: Potion            |     2 |       ||     2
       Scroll            |       |     1 ||     1
 Stab: Sleeping          |     1 |       ||     1
Armor: Robe              |    27 |       ||    27
       Scale mail        |     9 |    58 ||    67
Dodge: Dodged            |    68 |    72 ||   140
Block: Other             |     9 |    44 ||    53

Table legend: (Time is in decaauts)
 A = Elapsed time spent in this place.
 B = Non-inter-level travel time spent in this place.
 C = Inter-level travel time spent in this place.
 D = Time resting spent in this place.
 E = Time spent auto-exploring this place.
 F = Levels seen in this place.
 G = Mean time per level.
                   A        B        C        D        E       F      G
               +--------+--------+--------+--------+--------+-----+--------+
         Total |   3417 |   3360 |     57 |   1258 |   1485 |   3 | 1139.0 |
       Dungeon |   3417 |   3360 |     57 |   1258 |   1485 |   3 | 1139.0 |
               +--------+--------+--------+--------+--------+-----+--------+

Top non-repeatable levels by time:
     D:1: 1552 daAuts
     D:2: 1218 daAuts
     D:3: 646 daAuts
